 Dungeon Crawl Stone Soup version 0.22-a0-362-g535178c (webtiles) character file.

200 Amnesiac the Grave Robber (level 5, -1/39 HPs)
             Began as a Mummy Necromancer on Apr 19, 2018.
             Slain by a mummy (9 damage)
             ... in an ossuary.
             The game lasted 00:04:06 (1192 turns).

Amnesiac the Grave Robber (Mummy Necromancer)       Turns: 1192, Time: 00:04:07

Health: -1/39      AC:  2    Str: 11    XL:     5   Next: 49%
Magic:  9/9        EV: 13    Int: 16    God:
Gold:   83         SH:  0    Dex: 12    Spells: 6/10 levels left

rFire    x . .     SeeInvis .   a - +0 quarterstaff
rCold    + . .     Gourm    .   (shield currently unavailable)
rNeg     + + +     Faith    .   g - +0 robe
rPois    ∞         Spirit   .   (no helmet)
rElec    .         Reflect  .   (no cloak)
rCorr    .         Harm     .   (no gloves)
MR       .....                  (no boots)
Stlth    ++........             (no amulet)
HPRegen  0.13/turn              f - ring of flight
MPRegen  0.11/turn              (no ring)

@: no status effects
A: no food or potions, fire vulnerability, cold resistance 1, negative energy
resistance 3, torment resistance, unbreathing
a: Evoke Flight


You were in an ossuary.
You were not hungry.

You visited 1 branch of the dungeon, and saw 5 of its levels.
You also visited: Ossuary.

You collected 83 gold pieces.

Inventory:

Hand Weapons
 a - a +0 quarterstaff (weapon)
 b - a +0 blowgun
 h - a +0 hunting sling
Missiles
 d - 19 stones (quivered)
 e - 21 poisoned needles
Armour
 g - a +0 robe (worn)
Jewellery
 f - a ring of flight (left hand)
Scrolls
 c - a scroll of fog {!r}


   Skills:
 + Level 2.3 Fighting
 * Level 3.4 Dodging
 - Level 1.5 Stealth
 - Level 3.0 Spellcasting
 + Level 4.8 Necromancy


You had 6 spell levels left.
You knew the following spells:

 Your Spells              Type           Power        Failure   Level  Hunger
a - Pain                  Necr           ###.         2%          1    N/A
d - Vampiric Draining     Necr           ###.......   8%          3    N/A

Dungeon Overview and Level Annotations

Branches:
Dungeon (5/15)
 Temple: D:4-7

Altars:
Cheibriados
Trog
Wu Jian


Innate Abilities, Weirdness & Mutations

You do not eat or drink.
Your flesh is vulnerable to fire.
You are immune to poison.
Your flesh is cold resistant. (rC+)
You are immune to negative energy. (rN+++)
You are immune to unholy pain and torment.
You can survive without breathing.


Message History

You hit the worker ant.
The worker ant is severely wounded.
The worker ant misses you. x2
You hit the worker ant.
The worker ant is almost dead.
The worker ant barely misses you.
You sock the worker ant!
You kill the worker ant!
You see here a worker ant corpse.
You hear the brisk hiss of an avalanche of sand.
You open the door.
Okay, then.
There is an open door here.
Really read
i - a scroll of identify {!r}?
As you read the scroll of identify {!r}, it crumbles to dust.
c - a scroll of fog {!r}
There is a sand-covered staircase here.
The world spins around you as you enter the gateway.
You enter an ossuary!
Found a gate leading back out of this place.
There is an empty arch of ancient stone here.
You open the door. 2 mummies come into view.
There is an open door here.
There are monsters nearby!
Okay, then.
You swing at nothing.
You swing at nothing.
You swing at nothing.
You swing at nothing.
You swing at nothing.
A mummy comes into view.
You swing at nothing.
You swing at nothing.
You hit the mummy.
The mummy is lightly damaged.
You hit the mummy.
The mummy is heavily damaged.
The mummy misses you.
You barely miss the mummy.
The mummy is heavily damaged.
You hit the mummy.
The mummy is heavily damaged.
The mummy hits you!
You hit the mummy but do no damage.
The mummy is heavily damaged.
You hit the mummy but do no damage.
The mummy is heavily damaged.
The mummy barely misses you.
You hit the mummy.
The mummy is almost destroyed.
The mummy barely misses you.
You hit the mummy.
The mummy is almost destroyed.
The mummy hits you.
There is a gate leading back out of this place here.
You completely miss the mummy.
The mummy is almost destroyed.
You hit the mummy but do no damage.
The mummy is almost destroyed.
The mummy hits you!
* * * LOW HITPOINT WARNING * * *
The mummy hits you!
You die...

##### #@..#
#MM.# #...#
##'##
...≈..≈≈≈≈≈.P#
M#≈≈.≈≈#+#.≈#≈≈
#M#P#P ≈# #
##≈≈ # #≈#


You could see 2 mummies.

Vanquished Creatures
  An ogre (D:4)
  A hound (D:4)
  An iguana (D:4)
  A worker ant (D:4)
  An adder (D:3)
  2 worms
  3 dart slugs
  A leopard gecko (D:4)
  2 goblins (D:1)
  A bat (D:1)
  4 kobolds
  A rat (D:1)
19 creatures vanquished.

Vanquished Creatures (others)
  A withered plant (Ossuary)
1 creature vanquished.

Grand Total: 20 creatures vanquished

Notes
Turn   | Place    | Note
-------+----------+-------------------------------------------
     0 | D:1      | Amnesiac the Mummy Necromancer began the quest for the Orb.
     0 | D:1      | Reached XP level 1. HP: 13/13 MP: 4/4
   409 | D:2      | Found a snail-covered altar of Cheibriados.
   411 | D:2      | Reached XP level 2. HP: 17/20 MP: 1/5
   572 | D:3      | Reached skill level 1 in Fighting
   698 | D:3      | Reached XP level 3. HP: 26/26 MP: 5/7
   703 | D:3      | Learned a level 3 spell: Vampiric Draining
   873 | D:4      | Reached XP level 4. HP: 9/33 MP: 4/8
   938 | D:5      | Entered Level 5 of the Dungeon
   951 | D:5      | Found a bloodstained altar of Trog.
   991 | D:4      | Learned a level 1 spell: Pain
   996 | D:4      | Noticed an ogre
  1044 | D:4      | Killed an ogre
  1044 | D:4      | Reached XP level 5. HP: 21/38 MP: 0/9
  1079 | D:3      | Found an ornate altar of the Wu Jian Council.
  1094 | D:4      | Found a sand-covered staircase.
  1169 | Ossuary  | Entered an ossuary
  1192 | Ossuary  | Slain by a mummy

Vault maps used:
D:1:      kennysheep_arrival_seaside, hangedman_glass_teeth
D:2:      kennysheep_slug_shrine, first_ration
D:3:      old_standard_altar, nicolae_overflow_hidden_temple,
          evilmike_ruin_ashenzari
D:4:      nicolae_ossuary_entry_false_entrances
D:5:      fedhas_bush_and_centaur_altar, bloody_trog, uniq_blork_the_orc
Ossuary:  ossuary_zaba_flooded

Skill      XL: |  1  2  3  4 |
---------------+-------------+-----
Dodging        | 2 3 |  3.4
Spellcasting   | 3 |  3.0
Fighting       | 1 2 |  2.3
Stealth        | |  1.5
Necromancy     | |  4.8

Action                   |  1- 3 |  4- 6 || total
-------------------------+-------+-------++-------
Melee: Unarmed           |     7 |       ||     7
       Mace              |     6 |       ||     6
       Quarterstaff      |     4 |    25 ||    29
 Fire: Blowgun           |     7 |       ||     7
 Cast: Pain              |    38 |     4 ||    42
       Vampiric Draining |       |     5 ||     5
  Use: Scroll            |     2 |     1 ||     3
Armor: Robe              |     2 |       ||     2
Dodge: Dodged            |    12 |    21 ||    33

Table legend:
 A = Spawn XP
 B = Non-spawn XP
 C = Spawn XP percentage of total XP
 D = Spawn monster count
 E = Non-spawn monster count
 F = Spawn count percentage of total count
 G = Total turns spent on level
                    A         B        C        D         E        F      G
               +---------+---------+-------+---------+---------+-------+---------
         Total |       0 |     287 |   0.0 |       0 |      19 |   0.0 |  1192
               +---------+---------+-------+---------+---------+-------+---------
           D:1 |       0 |       9 |   0.0 |       0 |       5 |   0.0 |   231
           D:2 |       0 |      10 |   0.0 |       0 |       3 |   0.0 |   395
           D:3 |       0 |      22 |   0.0 |       0 |       5 |   0.0 |   146
           D:4 |       0 |     246 |   0.0 |       0 |       6 |   0.0 |   389
               +---------+---------+-------+---------+---------+-------+---------
